 Dungeon Crawl Stone Soup version 0.21.1-1-g345015fe64 (webtiles) character file.

119 Hercules1031 the Protected (level 5, -2/47 HPs)
             Began as a Gnoll Wanderer on June 15, 2018.
             Was an Initiate of Elyvilon.
             Splashed by a jelly's acid (10 damage)
             ... on level 3 of the Dungeon.
             The game lasted 00:12:35 (2267 turns).

Hercules1031 the Protected (Gnoll Wanderer)         Turns: 2267, Time: 00:12:37

Health: -2/47      AC:  7    Str: 12 (13) XL:     5   Next: 3%
Magic:  6/6        EV:  9    Int: 14 (16) God:    Elyvilon [......]
Gold:   112        SH:  5    Dex: 14 (15) Spells: 6/6 levels left

rFire    . . .     SeeInvis .   o - +0 hand axe
rCold    . . .     Gourm    .   c - +0 buckler
rNeg     . . .     Faith    .   a - +2 scale mail
rPois    .         Spirit   .   (no helmet)
rElec    .         Reflect  .   (no cloak)
rCorr    .         Harm     .   e - +0 pair of gloves
MR       .....                  (no boots)
Stlth    +.........             (no amulet)
HPRegen  0.15/turn              (no ring)
MPRegen  0.10/turn              (no ring)

@: corroded, slowed, very slow
A: distributed training, fangs 1, strong nose
a: Renounce Religion


You were on level 3 of the Dungeon.
You worshipped Elyvilon.
Elyvilon was noncommittal.
You were full.

You visited 1 branch of the dungeon, and saw 3 of its levels.

You collected 112 gold pieces.

Inventory:

Hand Weapons
 d - a +0 dagger
 f - a +0 short sword
 o - a +0 hand axe (weapon)
Armour
 a - a +2 scale mail (worn)
 c - a +0 buckler (worn)
 e - a +0 pair of gloves (worn)
Scrolls
 g - a scroll of random uselessness {unknown}
 h - 2 scrolls of remove curse
 i - 2 scrolls of blinking {unknown}
 j - a scroll of teleportation {unknown}
 k - a scroll of immolation {unknown}
 l - 2 scrolls of amnesia {unknown}
 m - 3 scrolls of identify {unknown}
 n - a scroll of magic mapping {unknown}


   Skills:
 + Level 6.6 Fighting
 + Level 1.3 Short Blades
 + Level 1.3 Long Blades
 + Level 1.3 Axes
 + Level 1.3 Maces & Flails
 + Level 1.3 Polearms
 + Level 1.3 Staves
 + Level 1.3 Slings
 + Level 1.3 Bows
 + Level 1.3 Crossbows
 + Level 1.3 Throwing
 + Level 8.6 Armour
 + Level 1.3 Dodging
 + Level 4.3 Stealth
 + Level 2.8 Shields
 + Level 1.3 Unarmed Combat
 + Level 1.3 Spellcasting
 + Level 1.0 Conjurations
 + Level 1.0 Hexes
 + Level 1.0 Charms
 + Level 1.0 Summonings
 + Level 1.0 Necromancy
 + Level 1.0 Translocations
 + Level 1.0 Transmutations
 + Level 1.0 Fire Magic
 + Level 1.0 Ice Magic
 + Level 1.0 Air Magic
 + Level 1.0 Earth Magic
 + Level 1.0 Poison Magic
 + Level 1.4 Invocations
 + Level 1.3 Evocations


You had 6 spell levels left.
You didn't know any spells.

Dungeon Overview and Level Annotations

Branches:
Dungeon (3/15)

Altars:
Cheibriados
Elyvilon
The Shining One


Innate Abilities, Weirdness & Mutations

Your experience applies equally to all skills.
You have very sharp teeth.
Your uncanny sense of smell can sniff out nearby items.


Message History

You slash Natasha!
You kill Natasha!
Suddenly Natasha's spirit rises from her lifeless body.
The iron imp disappears in a puff of smoke!
The shadow imp disappears in a puff of smoke!
You feel your strength returning.
You feel your intelligence returning.
You have reached level 5!
You see here the felid corpse of Natasha.
A quokka comes into view.
The jelly quivers.
The quokka moves out of view.
Found a ration.
The jelly closely misses you.
You hit the jelly.
Your hands burn!
* * * LOW HITPOINT WARNING * * *
The jelly is lightly wounded.
The jelly hits you.
* * * LOW HITPOINT WARNING * * *
The acid corrodes you!
You are splashed with acid!
The acid burns!
You die...

#........ #.......#
#.......# #.......#
#........ ####.......#.
.###....r.......
.....##@J%.....
#.......###.... ##
..#####..##.# ###...
######.#..##....#
##............#
.......†....#####
....#######.....#######
.## #####......†#
............#<.


You could see a jelly and a quokka.

Vanquished Creatures
  Natasha (D:3)
  2 adders (D:2)
  An ooze (D:1)
  2 worms (D:2)
  2 dart slugs
  4 leopard geckos
  2 ball pythons
  6 bats
  A giant cockroach (D:2)
  3 goblins
  8 hobgoblins
  7 jackals (D:2)
  4 frilled lizards (D:2)
  7 kobolds
  7 rats
57 creatures vanquished.

Notes
Turn   | Place    | Note
-------+----------+-------------------------------------------
     0 | D:1      | Hercules1031 the Gnoll Wanderer began the quest for the Orb.
     0 | D:1      | Hercules1031 set off with: a +2 scale mail, a potion of curing, a +0 buckler, a +0 dagger, a ration
     0 | D:1      | Reached XP level 1. HP: 23/23 MP: 1/1
   100 | D:1      | Reached XP level 2. HP: 29/29 MP: 2/2
   607 | D:1      | Reached XP level 3. HP: 32/35 MP: 3/3
   737 | D:1      | You fall through a shaft!
   989 | D:2      | Reached skill level 1 in Invocations
  1710 | D:2      | Found a snail-covered altar of Cheibriados.
  1845 | D:2      | Reached skill level 1 in Short Blades
  1845 | D:2      | Reached skill level 1 in Long Blades
  1845 | D:2      | Reached skill level 1 in Axes
  1845 | D:2      | Reached skill level 1 in Maces & Flails
  1845 | D:2      | Reached skill level 1 in Polearms
  1845 | D:2      | Reached skill level 1 in Staves
  1845 | D:2      | Reached skill level 1 in Slings
  1845 | D:2      | Reached skill level 1 in Bows
  1845 | D:2      | Reached skill level 1 in Crossbows
  1845 | D:2      | Reached skill level 1 in Throwing
  1845 | D:2      | Reached skill level 1 in Dodging
  1845 | D:2      | Reached skill level 1 in Unarmed Combat
  1845 | D:2      | Reached skill level 1 in Spellcasting
  1845 | D:2      | Reached skill level 1 in Evocations
  1845 | D:2      | Reached XP level 4. HP: 27/41 MP: 5/5
  1846 | D:2      | Found a glowing golden altar of the Shining One.
  1997 | D:2      | Found a white marble altar of Elyvilon.
  2014 | D:2      | Became a worshipper of Elyvilon the Healer
  2208 | D:2      | Reached skill level 1 in Conjurations
  2208 | D:2      | Reached skill level 1 in Hexes
  2208 | D:2      | Reached skill level 1 in Charms
  2208 | D:2      | Reached skill level 1 in Summonings
  2208 | D:2      | Reached skill level 1 in Necromancy
  2208 | D:2      | Reached skill level 1 in Translocations
  2208 | D:2      | Reached skill level 1 in Transmutations
  2208 | D:2      | Reached skill level 1 in Fire Magic
  2208 | D:2      | Reached skill level 1 in Ice Magic
  2208 | D:2      | Reached skill level 1 in Air Magic
  2208 | D:2      | Reached skill level 1 in Earth Magic
  2208 | D:2      | Reached skill level 1 in Poison Magic
  2241 | D:3      | Noticed Natasha
  2259 | D:3      | Killed Natasha
  2259 | D:3      | Reached XP level 5. HP: 9/47 MP: 6/6
  2267 | D:3      | Splashed by a jelly's acid

Skill      XL: |  1  2  3  4 |
---------------+-------------+-----
Invocations    | 1 |  1.4
Short Blades   | 1 |  1.3
Long Blades    | 1 |  1.3
Axes           | 1 |  1.3
Maces & Flails | 1 |  1.3
Polearms       | 1 |  1.3
Staves         | 1 |  1.3
Slings         | 1 |  1.3
Bows           | 1 |  1.3
Crossbows      | 1 |  1.3
Throwing       | 1 |  1.3
Dodging        | 1 |  1.3
Unarmed Combat | 1 |  1.3
Spellcasting   | 1 |  1.3
Evocations     | 1 |  1.3
Conjurations   | 1 |  1.0
Hexes          | 1 |  1.0
Charms         | 1 |  1.0
Summonings     | 1 |  1.0
Necromancy     | 1 |  1.0
Translocations | 1 |  1.0
Transmutations | 1 |  1.0
Fire Magic     | 1 |  1.0
Ice Magic      | 1 |  1.0
Air Magic      | 1 |  1.0
Earth Magic    | 1 |  1.0
Poison Magic   | 1 |  1.0
Fighting       | |  6.6
Armour         | |  8.6
Stealth        | |  4.3
Shields        | |  2.8

Action                   |  1- 3 |  4- 6 || total
-------------------------+-------+-------++-------
Melee: Dagger            |   188 |       ||   188
       Bite              |    23 |    15 ||    38
       Short sword       |    34 |       ||    34
       Hand axe          |    15 |    82 ||    97
  Use: Potion            |     4 |     4 ||     8
       Scroll            |     1 |       ||     1
 Stab: Sleeping          |     2 |       ||     2
  Eat: Ration            |     2 |     1 ||     3
Armor: Scale mail        |   138 |    40 ||   178
Dodge: Dodged            |   129 |    37 ||   166
Block: Buckler           |    64 |    19 ||    83
